 Dungeon Crawl Stone Soup version 0.24-a0-244-ga6a6ab7d13 (webtiles) character file.

Game seed: 9406332803358839978

198 Redear the Skirmisher (level 5, 0/28 HPs)
             Began as a Vine Stalker Warper on Apr 10, 2019.
             Killed from afar by an orc wizard (6 damage)
             ... with a magic dart
             ... on level 3 of the Dungeon.
             The game lasted 00:03:39 (2147 turns).

Redear the Skirmisher (Vine Stalker Warper)         Turns: 2147, Time: 00:03:40

Health: 0/28       AC:  3    Str: 15    XL:     5   Next: 76%
Magic:  0/9        EV: 13    Int: 13    God:
Gold:   106        SH:  0    Dex: 13    Spells: 8/8 levels left

rFire    . . .     SeeInvis .   a - +0 falchion
rCold    + . .     Gourm    .   (no shield)
rNeg     . . .     Faith    .   b - +0 leather armour
rPois    .         Spirit   +   (no helmet)
rElec    .         Reflect  .   (no cloak)
rCorr    .         Harm     .   (no gloves)
MR       .....                  (no boots)
Stlth    +.........             (no amulet)
HPRegen  0.49/turn              c - ring of protection from cold {rC+}
MPRegen  0.11/turn              (no ring)

@: no status effects
A: fangs 2, regeneration 1, magic shield, antimagic bite, no potion heal 3, rot
immunity
a: no special abilities


You were on level 3 of the Dungeon.
You were not hungry.

You visited 1 branch of the dungeon, and saw 3 of its levels.

You collected 106 gold pieces.

Inventory:

Hand Weapons
 a - a +0 falchion (weapon)
Missiles
 e - 5 tomahawks of dispersal (quivered)
 Z - a throwing net {+f}
Armour
 b - a +0 leather armour (worn)
Jewellery
 c - a ring of protection from cold (left hand) {rC+}
Scrolls
 i - 2 scrolls of identify {unknown}
 o - a scroll of immolation {unknown}
 p - a scroll of teleportation {unknown}
 B - 2 scrolls of blinking {@r4}
 M - a scroll of magic mapping
Potions
 d - a potion of might {unknown}
 f - a potion of degeneration {unknown}
 g - 2 potions of haste {unknown}
 h - a potion of flight {unknown}
 j - 2 potions of ambrosia {unknown}
 k - a potion of curing {unknown}
 l - a potion of lignification {unknown}
 m - 3 potions of heal wounds {unknown}
Comestibles
 n - 2 chunks of flesh
 z - 4 rations


   Skills:
 + Level 3.3 Fighting
 + Level 3.3 Long Blades
 - Level 0.8 Throwing
 - Level 0.7 Armour
 + Level 3.0 Dodging
 - Level 2.1 Spellcasting
   Level 3.0 Translocations


You had 8 spell levels left.
You didn't know any spells.
Your spell library contained the following spells:

 Spells                   Type           Power        Failure   Level  Hunger
 Blink                    Tloc           N/A          14%         2    ###....
 Shroud of Golubria       Chrm/Tloc      #.........   26%         2    ###....
 Gell's Gravitas          Tloc           #.........   26%         3    ####...
 Lesser Beckoning         Tloc           #.........   26%         3    ####...
 Teleport Other           Tloc           #.......     26%         3    ####...
 Passage of Golubria      Tloc           N/A          65%         4    #####..


Dungeon Overview and Level Annotations

Branches:
Dungeon (3/15)

Altars:
Makhleb
Nemelex Xobeh


Innate Abilities, Weirdness & Mutations

You have extremely sharp teeth.
Your natural rate of healing is unusually fast.
When hurt, damage is shared between your health and your magic reserves.
Your bite disrupts and absorbs the magic of your enemies.
Potions cannot restore your health.
You are immune to rotting.


Message History

You take 2 damage, and have 8/28 hp.
You now have 2/9 mp.
You are too injured to fight recklessly!
You are too injured to fight recklessly!
You barely miss the orc wizard.
The orc wizard is severely wounded.
The orc wizard mumbles some strange words.
The orc wizard blinks!
The orc wizard barely misses you.
You closely miss the orc wizard. Your bite misses the orc wizard.
The orc wizard is severely wounded.
The orc wizard mumbles some strange words.
The orc wizard blinks!
The orc wizard closely misses you.
You barely miss the orc wizard.
The orc wizard is severely wounded.
The orc wizard points at you and mumbles some strange words.
The magic dart hits you.
* * * LOW HITPOINT WARNING * * *
The orc wizard gestures at you while chanting.
The magic dart hits you!
You die...

...##########
.........#
...#####.# ...#
#.# ##########
...# #.#
#......... ...#
#.# #.........
...#
#.######....≈####
...#
#......)o..≈.....
...#
#..#####.@<.≈.≈.≈
...# #..#
#...≈..... ...#
#..# #....≈####
...# #..#
#....... ####
#..# #########
#..# #...


You could see an orc wizard.

Vanquished Creatures
  A crimson imp (D:3)
  An orc priest (D:3)
  3 adders
  3 gnolls (D:3)
  A worm (D:2)
  2 dart slugs (D:1)
  5 leopard geckos
  4 orcs (D:3)
  A giant cockroach (D:2)
  9 goblins
  3 hobgoblins
  5 jackals (D:1)
  2 quokkas (D:2)
  A ball python (D:3)
  10 bats
  7 frilled lizards
  6 kobolds
  8 rats
72 creatures vanquished.

Notes
Turn   | Place    | Note
-------+----------+-------------------------------------------
     0 | D:1      | Redear the Vine Stalker Warper began the quest for the Orb.
     0 | D:1      | Reached XP level 1. HP: 11/11 MP: 4/4
   161 | D:1      | Reached skill level 2 in Fighting
   161 | D:1      | Reached skill level 2 in Long Blades
   194 | D:1      | Reached XP level 2. HP: 15/15 MP: 6/6
   309 | D:1      | Reached skill level 2 in Dodging
   597 | D:1      | Reached XP level 3. HP: 15/18 MP: 4/7
  1314 | D:2      | Gained mutation: Your natural rate of healing is unusually
                  | fast. [Vine Stalker growth]
  1314 | D:2      | Reached XP level 4. HP: 17/23 MP: 8/8
  1508 | D:2      | Found a sparkling altar of Nemelex Xobeh.
  1885 | D:3      | Found a burning altar of Makhleb.
  1914 | D:3      | Reached skill level 3 in Fighting
  1914 | D:3      | Reached skill level 3 in Long Blades
  1914 | D:3      | Reached XP level 5. HP: 26/28 MP: 6/9
  2137 | D:3      | Reached skill level 3 in Dodging
  2147 | D:3      | Killed from afar by an orc wizard

Levels and vault maps discovered:
D:1:      ncdulo_wetmaze, layout_loops_ring, corexii_hall_statues_x,
          chequers_avenue, kennysheep_minor_cross
D:2:      layout_rooms, nemelex_diamond_rough_becter
D:3:      layout_basic, makhleb_grotto_becter, nicolae_ru_path_of_blood

Skill      XL: |  1  2  3  4  5 |
---------------+----------------+-----
Fighting       | 2 3 |  3.3
Long Blades    | 2 3 |  3.3
Dodging        | 2 3 |  3.0
Throwing       | |  0.8
Armour         | |  0.7
Spellcasting   | |  2.1
Translocations | |  3.0

Action                   |  1- 3 |  4- 6 || total
-------------------------+-------+-------++-------
Melee: Falchion          |   148 |   118 ||   266
       Bite              |    28 |    27 ||    55
  Use: Scroll            |     2 |       ||     2
  Eat: Chunk             |     1 |     4 ||     5
Armor: Leather armour    |    44 |    42 ||    86
Dodge: Dodged            |   123 |    80 ||   203
       Rpst.: Falchion   |    39 |    19 ||    58

Table legend:
 A = Non-vault XP
 B = Vault XP
 C = Vault XP percentage of total XP
 D = Non-vault monster count
 E = Vault monster count
 F = Vault count percentage of total count
                 A         B        C        D         E       F
            +---------+---------+-------+---------+---------+-------
      Total |     235 |      48 |  17.0 |      71 |       1 |   1.4
            +---------+---------+-------+---------+---------+-------
        D:1 |      51 |       0 |   0.0 |      27 |       0 |   0.0
        D:2 |      43 |       0 |   0.0 |      22 |       0 |   0.0
        D:3 |     141 |      48 |  25.4 |      22 |       1 |   4.3
            +---------+---------+-------+---------+---------+-------
